| TOP OF THE 1ST |
|
New York Mets batting - Pitching for Chicago Cubs : RHP Chris Ishii
|
|
Pitching: RHP Chris Ishii
|
|
|
Batting: SHB Sean Cook
|
0-0: Ball 1-0: Bunt - Flyout to 13S! F1
|
|
Batting: RHB Jeff Jank
|
0-0: Ball 1-0: Foul Ball, location: 2F 1-1: Ball 2-1: Foul Ball, location: 2F 2-2: Foul Ball, location: 2F 2-2: Ball 3-2: Base on Balls
|
|
Batting: SHB Jonathan Jenkins
|
0-0: Swinging Strike 0-1: DOUBLE (Line Drive, 78M, EV 105.6 MPH) Jeff Jank to third Runner from 3rd tries for Home, SAFE, no throw by LF
|
|
Batting: SHB Gus Berry
|
0-0: Ball 1-0: Foul Ball, location: 2F 1-1: Foul Ball, location: 2F 1-2: 2-RUN HOME RUN (Flyball, 9LD, EV 91.9 MPH), Distance : 347 ft
|
|
Batting: SHB Johnny Diaz
|
0-0: SINGLE (Groundball, 4D, EV 101.2 MPH)
|
|
Batting: SHB Javy Rosa
|
0-0: Grounds into double play, 4-6-3 (Groundball, 4, EV 100.0 MPH)
|
| Top of the 1st over - 3 runs, 3 hits, 0 errors, 0 left on base; New York 3 - Chicago 0 |
| BOTTOM OF THE 1ST |
|
Chicago Cubs batting - Pitching for New York Mets : LHP Zachary DeVault
|
|
Pitching: LHP Zachary DeVault
|
|
|
Batting: RHB Yasuhide Kasahara
|
0-0: DOUBLE (Groundball, 5L, EV 108.8 MPH)
|
|
Batting: LHB Kevin Norton
|
0-0: Called Strike 0-1: Ball 1-1: Ball 2-1: Foul Ball, location: 2F 2-2: Ball 3-2: Strikes out swinging
|
|
Batting: RHB Efrain Vargas
|
0-0: Called Strike 0-1: Called Strike 0-2: Ball 1-2: Foul Ball, location: 2F 1-2: Ball 2-2: Fly out, F8 (Line Drive, 8RM, EV 99.4 MPH)
|
|
Batting: SHB Terry Tuckfard
|
0-0: Ball 1-0: Fly out, F3 (Popup, 34, EV 65.6 MPH)
|
| Bottom of the 1st over - 0 runs, 1 hit, 0 errors, 1 left on base; New York 3 - Chicago 0 |
| TOP OF THE 2ND |
|
New York Mets batting - Pitching for Chicago Cubs : RHP Chris Ishii
|
|
Batting: SHB Tomas Caldera
|
0-0: Ground out 4-3 (Groundball, 4, EV 84.4 MPH)
|
|
Batting: SHB Scott Scott
|
0-0: Ground out 3-1 (Groundball, 34S, EV 88.1 MPH)
|
|
Batting: SHB Scott Bartholomew
|
0-0: Ball 1-0: Foul Ball, location: 2F 1-1: Foul Ball, location: 2F 1-2: Strikes out swinging
|
| Top of the 2nd over - 0 runs, 0 hits, 0 errors, 0 left on base; New York 3 - Chicago 0 |
| BOTTOM OF THE 2ND |
|
Chicago Cubs batting - Pitching for New York Mets : LHP Zachary DeVault
|
|
Batting: RHB Josh Kalman
|
0-0: Called Strike 0-1: Swinging Strike 0-2: DOUBLE (Flyball, 78D, EV 106.2 MPH)
|
|
Batting: RHB Kaeo Zirpoli
|
0-0: Ball 1-0: DOUBLE (Line Drive, 9LD, EV 103.8 MPH) Josh Kalman scores
|
|
Batting: RHB Elijah Campbell
|
0-0: Swinging Strike 0-1: DOUBLE (Line Drive, 89D, EV 108.1 MPH) Kaeo Zirpoli scores
|
|
Batting: RHB Andy Wasierski
|
0-0: DOUBLE (Flyball, 8RD, EV 106.9 MPH) Elijah Campbell scores
|
|
Batting: SHB Nick Chandler
|
0-0: Ball 1-0: Ground out 6-3 (Groundball, 56, EV 100.6 MPH)
|
|
Batting: RHB Yasuhide Kasahara
|
0-0: Called Strike 0-1: Ball 1-1: Swinging Strike 1-2: Ball 2-2: SINGLE (Line Drive, 56D, EV 100.6 MPH) Andy Wasierski to third
|
|
Batting: LHB Kevin Norton
|
0-0: Ball 1-0: Ball 2-0: Ball 3-0: Called Strike 3-1: Called Strike 3-2: DOUBLE (Line Drive, 7LM, EV 101.9 MPH) Andy Wasierski scores Yasuhide Kasahara to third
|
|
Batting: RHB Efrain Vargas
|
0-0: Ball 1-0: Ball 2-0: Called Strike 2-1: SINGLE (Groundball, 34D, EV 95.6 MPH) Yasuhide Kasahara scores Kevin Norton to third Runner from 3rd tries for Home, SAFE, throw by RF to home
|
|
Pitching: LHP Xu-gang Zhou
|
|
|
Batting: SHB Terry Tuckfard
|
0-0: Called Strike 0-1: Ball 1-1: Foul Ball, location: 2F 1-2: Strikes out swinging
|
|
Batting: RHB Josh Kalman
|
0-0: Called Strike 0-1: Ball 1-1: Ball 2-1: Called Strike 2-2: Fly out, F5 (Popup, 5F, EV 75.0 MPH)
|
| Bottom of the 2nd over - 6 runs, 7 hits, 0 errors, 1 left on base; New York 3 - Chicago 6 |
| TOP OF THE 3RD |
|
New York Mets batting - Pitching for Chicago Cubs : RHP Chris Ishii
|
|
Batting: SHB Sean Cook
|
0-0: Foul Ball, location: 2F 0-1: Foul Ball, location: 2F 0-2: Ground out 5-3 (Groundball, 56, EV 88.1 MPH)
|
|
Batting: RHB Jeff Jank
|
0-0: Ball 1-0: Foul Ball, location: 2F 1-1: Fly out, F9 (Flyball, 89S, EV 83.8 MPH)
|
|
Batting: SHB Jonathan Jenkins
|
0-0: Ball 1-0: Ball 2-0: Ball 3-0: Base on Balls
|
|
Batting: SHB Gus Berry
|
0-0: Ball 1-0: Ball 2-0: Foul Ball, location: 2F 2-1: Foul Ball, location: 2F 2-2: Foul Ball, location: 2F 2-2: Ball 3-2: SINGLE (Line Drive, 34D, EV 99.4 MPH) Jonathan Jenkins to second Jonathan Jenkins to third
|
|
Batting: SHB Johnny Diaz
|
0-0: Ball 1-0: Foul Ball, location: 2F 1-1: Ball 2-1: Called Strike 2-2: Hit by Pitch Gus Berry to second
|
|
Batting: SHB Javy Rosa
|
0-0: Called Strike 0-1: Ball Wild Pitch! Jonathan Jenkins scores Gus Berry to third Johnny Diaz to second 1-1: Foul Ball, location: 2F 1-2: Foul Ball, location: 2F 1-2: Hit by Pitch
|
|
Batting: SHB Tomas Caldera
|
0-0: Ball 1-0: Called Strike 1-1: Ball 2-1: Fly out, F8 (Flyball, 8RM, EV 84.4 MPH)
|
| Top of the 3rd over - 1 run, 1 hit, 0 errors, 3 left on base; New York 4 - Chicago 6 |
| BOTTOM OF THE 3RD |
|
Chicago Cubs batting - Pitching for New York Mets : LHP Xu-gang Zhou
|
|
Batting: RHB Kaeo Zirpoli
|
0-0: Ball 1-0: DOUBLE (Line Drive, 78M, EV 105.6 MPH)
|
|
Batting: RHB Elijah Campbell
|
0-0: Called Strike 0-1: Ball 1-1: Ground out 4-3 (Groundball, 4, EV 86.9 MPH) Kaeo Zirpoli to third
|
|
Batting: RHB Andy Wasierski
|
0-0: Called Strike 0-1: Swinging Strike 0-2: Ground out 6-3 (Groundball, 4M, EV 81.9 MPH) Kaeo Zirpoli scores
|
|
Batting: SHB Nick Chandler
|
0-0: Foul Ball, location: 2F 0-1: Called Strike 0-2: Ball 1-2: Strikes out swinging
|
| Bottom of the 3rd over - 1 run, 1 hit, 0 errors, 0 left on base; New York 4 - Chicago 7 |
| TOP OF THE 4TH |
|
New York Mets batting - Pitching for Chicago Cubs : RHP Chris Ishii
|
|
Batting: SHB Scott Scott
|
0-0: Ground out U3 (Groundball, 3L, EV 80.0 MPH)
|
|
Batting: SHB Scott Bartholomew
|
0-0: Ball 1-0: Swinging Strike 1-1: Ball 2-1: Ground out 6-3 (Groundball, 6, EV 103.8 MPH)
|
|
Batting: SHB Sean Cook
|
0-0: Called Strike 0-1: Ball 1-1: Foul Ball, location: 2F 1-2: Ball 2-2: SINGLE (Line Drive, 7LS, EV 90.0 MPH)
|
|
Batting: RHB Jeff Jank
|
0-0: Ball 1-0: Foul Ball, location: 2F 1-1: Ball 2-1: Foul Ball, location: 2F 2-2: Fly out, F9 (Flyball, 89M, EV 76.9 MPH)
|
| Top of the 4th over - 0 runs, 1 hit, 0 errors, 1 left on base; New York 4 - Chicago 7 |
| BOTTOM OF THE 4TH |
|
Chicago Cubs batting - Pitching for New York Mets : LHP Xu-gang Zhou
|
|
Batting: RHB Yasuhide Kasahara
|
0-0: Ground out 6-3 (Groundball, 6MD, EV 83.8 MPH)
|
|
Batting: LHB Kevin Norton
|
0-0: Called Strike 0-1: Called Strike 0-2: SINGLE (Line Drive, 6MD, EV 102.5 MPH)
|
|
Batting: RHB Efrain Vargas
|
0-0: Ball 1-0: Swinging Strike 1-1: Ball 2-1: Called Strike 2-2: Grounds into double play, 4-6-3 (Groundball, 4, EV 78.1 MPH)
|
| Bottom of the 4th over - 0 runs, 1 hit, 0 errors, 0 left on base; New York 4 - Chicago 7 |
| TOP OF THE 5TH |
|
New York Mets batting - Pitching for Chicago Cubs : RHP Chris Ishii
|
|
Pitching: RHP Rich Ortega
|
|
|
Batting: SHB Jonathan Jenkins
|
0-0: Ball 1-0: Foul Ball, location: 2F 1-1: Ball 2-1: Foul Ball, location: 2F 2-2: SINGLE (Line Drive, 89S, EV 94.4 MPH)
|
|
Batting: SHB Gus Berry
|
0-0: Called Strike 0-1: Foul Ball, location: 2F 0-2: Foul Ball, location: 2F 0-2: Foul Ball, location: 2F 0-2: Ball 1-2: Ball 2-2: Ball 3-2: Foul Ball, location: 2F 3-2: Fielders Choice at 2nd, 3-6 (Groundball, 34, EV 91.9 MPH)
|
|
Batting: SHB Johnny Diaz
|
0-0: Fly out, F7 (Flyball, 7S, EV 91.9 MPH)
|
|
Batting: SHB Javy Rosa
|
0-0: Ball 1-0: Foul Ball, location: 2F 1-1: Ball 2-1: Fielders Choice at 2nd, 6-4 (Groundball, 6, EV 83.8 MPH)
|
| Top of the 5th over - 0 runs, 1 hit, 0 errors, 1 left on base; New York 4 - Chicago 7 |
| BOTTOM OF THE 5TH |
|
Chicago Cubs batting - Pitching for New York Mets : LHP Xu-gang Zhou
|
|
Batting: SHB Terry Tuckfard
|
0-0: Ball 1-0: Ball 2-0: Called Strike 2-1: Foul Ball, location: 2F 2-2: Strikes out swinging
|
|
Batting: RHB Josh Kalman
|
0-0: Ball 1-0: Ball 2-0: Ball 3-0: Called Strike 3-1: Called Strike 3-2: SINGLE (Flyball, 78S, EV 98.8 MPH)
|
|
Batting: RHB Kaeo Zirpoli
|
0-0: Foul Ball, location: 2F 0-1: Foul Ball, location: 2F 0-2: Foul Ball, location: 2F 0-2: Foul Ball, location: 2F 0-2: Ball 1-2: SINGLE (Line Drive, 5D, EV 96.9 MPH) Josh Kalman to second
|
|
Pitching: LHP Chris Thurner
|
|
|
Batting: RHB Elijah Campbell
|
0-0: Ball 1-0: Called Strike 1-1: Ball 2-1: Swinging Strike 2-2: Ball 3-2: Foul Ball, location: 2F 3-2: Strikes out looking
|
|
Batting: RHB Andy Wasierski
|
0-0: Ball 1-0: Ball 2-0: Ball 3-0: Called Strike 3-1: Base on Balls Josh Kalman to third Kaeo Zirpoli to second
|
|
Batting: SHB Nick Chandler
|
0-0: Ball 1-0: Called Strike 1-1: Foul Ball, location: 2F 1-2: Ball 2-2: Strikes out swinging wild pitch, reaches first! Josh Kalman scores Kaeo Zirpoli to third Andy Wasierski to second
|
|
Pinch Hitting: RHB Jamie Ogilvie
|
0-0: Called Strike 0-1: Ball 1-1: Fly out, F4 (Line Drive, 4, EV 76.2 MPH)
|
| Bottom of the 5th over - 1 run, 2 hits, 0 errors, 3 left on base; New York 4 - Chicago 8 |
| TOP OF THE 6TH |
|
New York Mets batting - Pitching for Chicago Cubs : RHP Rich Ortega
|
|
Now at 2B: Jamie Ogilvie
|
|
|
Now at SS: Andy Wasierski
|
|
|
Batting: SHB Tomas Caldera
|
0-0: Ground out 4-3 (Groundball, 4, EV 76.2 MPH)
|
|
Batting: SHB Scott Scott
|
0-0: Ball 1-0: Swinging Strike 1-1: Ball 2-1: Ground out 3-1 (Groundball, 34, EV 81.9 MPH)
|
|
Batting: SHB Scott Bartholomew
|
0-0: Called Strike 0-1: Ball 1-1: Ball 2-1: Ball 3-1: Foul Ball, location: 2F 3-2: Foul Ball, location: 2F 3-2: Fly out, F6 (Popup, 6, EV 73.8 MPH)
|
| Top of the 6th over - 0 runs, 0 hits, 0 errors, 0 left on base; New York 4 - Chicago 8 |
| BOTTOM OF THE 6TH |
|
Chicago Cubs batting - Pitching for New York Mets : LHP Chris Thurner
|
|
Pinch Hitting: LHB Barend van der Kamp
|
0-0: Ground out 4-3 (Groundball, 4, EV 87.5 MPH)
|
|
Pinch Hitting: SHB Gerardo Flores
|
0-0: Ball 1-0: Foul Ball, location: 2F 1-1: Swinging Strike 1-2: SINGLE (Groundball, 56D, EV 110.6 MPH)
|
|
Pitching: LHP Jose Vega
|
|
|
Batting: SHB Terry Tuckfard
|
0-0: Ball 1-0: Ball 2-0: Ball 3-0: Called Strike 3-1: Foul Ball, location: 2F 3-2: Base on Balls Gerardo Flores to second
|
|
Pinch Hitting: SHB Tim Hone
|
0-0: Ball 1-0: Fly out, F6 (Flyball, 6D, EV 81.2 MPH)
|
|
Pinch Hitting: SHB Seung-ho Zhang
|
0-0: Called Strike 0-1: Swinging Strike 0-2: Foul Ball, location: 2F 0-2: Strikes out swinging
|
| Bottom of the 6th over - 0 runs, 1 hit, 0 errors, 2 left on base; New York 4 - Chicago 8 |
| TOP OF THE 7TH |
|
New York Mets batting - Pitching for Chicago Cubs : RHP Rich Ortega
|
|
Pitching: LHP George Poirier
|
|
|
Now at 1B: Steve Bui
|
|
|
Now in LF: Tim Hone
|
|
|
Now in CF: Seung-ho Zhang
|
|
|
Now in RF: Barend van der Kamp
|
|
|
Pinch Hitting: LHB Timo Gomez
|
0-0: Ball 1-0: Ball 2-0: Foul Ball, location: 2F 2-1: Foul Ball, location: 2F 2-2: Foul Ball, location: 2F 2-2: Ground out 4-3 (Groundball, 4MS, EV 63.1 MPH)
|
|
Pinch Hitting: SHB Kaname Fujimoto
|
0-0: Fly out, F8 (Line Drive, 8RM, EV 95.0 MPH)
|
|
Batting: SHB Jonathan Jenkins
|
0-0: Ball 1-0: Foul Ball, location: 2F 1-1: Ball 2-1: Foul Ball, location: 2F 2-2: SOLO HOME RUN (Flyball, 9D, EV 95.0 MPH), Distance : 379 ft
|
|
Pinch Hitting: LHB Bill Armijo
|
0-0: SOLO HOME RUN (Flyball, 89XD, EV 101.9 MPH), Distance : 419 ft
|
|
Batting: RHB Steven Romanovsky
|
0-0: Foul Ball, location: 2F 0-1: Ball 1-1: Foul Ball, location: 2F 1-2: Foul Ball, location: 2F 1-2: Strikes out looking
|
| Top of the 7th over - 2 runs, 2 hits, 0 errors, 0 left on base; New York 6 - Chicago 8 |
| BOTTOM OF THE 7TH |
|
Chicago Cubs batting - Pitching for New York Mets : LHP Jose Vega
|
|
Now at 1B: Kaname Fujimoto
|
|
|
Now in CF: Timo Gomez
|
|
|
Now in RF: Bill Armijo
|
|
|
Batting: RHB Adam O'Hare
|
0-0: Ball 1-0: Called Strike 1-1: Ball 2-1: Foul Ball, location: 2F 2-2: SINGLE (Groundball, 56S, EV 63.8 MPH) (infield hit)
|
|
Pinch Hitting: RHB Shintaro Katsumata
|
0-0: Ball 1-0: Called Strike 1-1: Foul Ball, location: 2F 1-2: Ball 2-2: Grounds into double play, 6-4-3 (Groundball, 6, EV 85.6 MPH)
|
|
Pinch Hitting: RHB Will Leslie
|
0-0: Ball 1-0: Called Strike 1-1: Ball 2-1: Swinging Strike 2-2: Strikes out swinging
|
| Bottom of the 7th over - 0 runs, 1 hit, 0 errors, 0 left on base; New York 6 - Chicago 8 |
| TOP OF THE 8TH |
|
New York Mets batting - Pitching for Chicago Cubs : LHP George Poirier
|
|
Now at 2B: Shintaro Katsumata
|
|
|
Now at 3B: Will Leslie
|
|
|
Now at SS: Jamie Ogilvie
|
|
|
Batting: SHB Javy Rosa
|
0-0: Ball 1-0: Ball 2-0: Swinging Strike 2-1: Swinging Strike 2-2: Strikes out swinging
|
|
Batting: SHB Tomas Caldera
|
0-0: Ball 1-0: Foul Ball, location: 2F 1-1: Ground out 5-3 (Groundball, 15, EV 76.9 MPH)
|
|
Batting: SHB Scott Scott
|
0-0: Ball 1-0: Called Strike 1-1: Foul Ball, location: 2F 1-2: Strikes out swinging
|
| Top of the 8th over - 0 runs, 0 hits, 0 errors, 0 left on base; New York 6 - Chicago 8 |
| BOTTOM OF THE 8TH |
|
Chicago Cubs batting - Pitching for New York Mets : LHP Jose Vega
|
|
Pitching: RHP Victor Morin
|
|
|
Batting: RHB Jamie Ogilvie
|
0-0: Foul Ball, location: 2F 0-1: Ball 1-1: Ball 2-1: Ball 3-1: Swinging Strike 3-2: Foul Ball, location: 2F 3-2: Foul Ball, location: 2F 3-2: Base on Balls
|
|
Batting: LHB Barend van der Kamp
|
0-0: Ball 1-0: Fielders Choice at 2nd, 2-4 (Groundball, 15S, EV 61.9 MPH)
|
|
Batting: RHB Steve Bui
|
0-0: Called Strike 0-1: Called Strike 0-2: Grounds into double play, 5-4-3 (Groundball, 5, EV 103.1 MPH)
|
| Bottom of the 8th over - 0 runs, 0 hits, 0 errors, 0 left on base; New York 6 - Chicago 8 |
| TOP OF THE 9TH |
|
New York Mets batting - Pitching for Chicago Cubs : LHP George Poirier
|
|
Pitching: RHP Nate Jackson
|
|
|
Batting: SHB Scott Bartholomew
|
0-0: Ball 1-0: Ball 2-0: Ball 3-0: Base on Balls
|
|
Batting: LHB Timo Gomez
|
0-0: 2-RUN HOME RUN (Flyball, 7LD, EV 98.1 MPH), Distance : 374 ft
|
|
Batting: SHB Kaname Fujimoto
|
0-0: Ball 1-0: Ball 2-0: Ball 3-0: Called Strike 3-1: Foul Ball, location: 2F 3-2: SINGLE (Flyball, 6MD, EV 88.8 MPH)
|
|
Batting: SHB Jonathan Jenkins
|
0-0: Called Strike 0-1: Ball 1-1: Ball 2-1: Swinging Strike 2-2: Foul Ball, location: 2F 2-2: Fly out, F7 (Flyball, 7, EV 83.1 MPH)
|
|
Batting: LHB Bill Armijo
|
0-0: Grounds into double play, 1-6-3 (Groundball, 34S, EV 61.9 MPH)
|
| Top of the 9th over - 2 runs, 2 hits, 0 errors, 0 left on base; New York 8 - Chicago 8 |
| BOTTOM OF THE 9TH |
|
Chicago Cubs batting - Pitching for New York Mets : RHP Victor Morin
|
|
Batting: SHB Terry Tuckfard
|
0-0: Ball 1-0: Called Strike 1-1: Foul Ball, location: 2F 1-2: Ball 2-2: Strikes out swinging
|
|
Batting: SHB Tim Hone
|
0-0: Ball 1-0: Ball 2-0: Fly out, F9 (Flyball, 9, EV 73.1 MPH)
|
|
Batting: SHB Seung-ho Zhang
|
0-0: Called Strike 0-1: Foul Ball, location: 2F 0-2: Ball 1-2: Strikes out swinging
|
| Bottom of the 9th over - 0 runs, 0 hits, 0 errors, 0 left on base; New York 8 - Chicago 8 |
| TOP OF THE 10TH |
|
New York Mets batting - Pitching for Chicago Cubs : RHP Nate Jackson
|
|
Pitching: RHP Gabe Wagner
|
|
|
Batting: RHB Steven Romanovsky
|
0-0: Ball 1-0: Ball 2-0: Ball 3-0: Base on Balls
|
|
Batting: SHB Javy Rosa
|
0-0: Ball 1-0: Called Strike 1-1: TRIPLE (Line Drive, 8RXD, EV 98.1 MPH) Steven Romanovsky scores
|
|
Batting: SHB Tomas Caldera
|
0-0: Ball 1-0: Ball 2-0: Called Strike 2-1: DOUBLE (Flyball, 78D, EV 98.8 MPH) Javy Rosa scores
|
|
Batting: SHB Scott Scott
|
0-0: Intentional Walk
|
|
Batting: SHB Scott Bartholomew
|
0-0: Called Strike 0-1: Ball 1-1: Foul Ball, location: 2F 1-2: Fly out, F8 (Flyball, 8RD, EV 92.5 MPH)
|
|
Batting: LHB Timo Gomez
|
0-0: Swinging Strike 0-1: Foul Ball, location: 2F 0-2: Foul Ball, location: 2F 0-2: Foul Ball, location: 2F 0-2: Ball 1-2: Ball 2-2: Strikes out swinging
|
|
Batting: SHB Kaname Fujimoto
|
0-0: Ball Scott Scott is caught stealing 2nd base 2-6 Tomas Caldera steals 3rd base
|
| Top of the 10th over - 2 runs, 2 hits, 0 errors, 1 left on base; New York 10 - Chicago 8 |
| BOTTOM OF THE 10TH |
|
Chicago Cubs batting - Pitching for New York Mets : RHP Victor Morin
|
|
Batting: RHB Adam O'Hare
|
0-0: Ball 1-0: Called Strike 1-1: Called Strike 1-2: Foul Ball, location: 2F 1-2: Strikes out looking
|
|
Pinch Hitting: SHB Art Kent
|
0-0: Called Strike 0-1: Foul Ball, location: 2F 0-2: Ball 1-2: Strikes out swinging
|
|
Batting: RHB Will Leslie
|
0-0: Ball 1-0: Ball 2-0: Foul Ball, location: 2F 2-1: Foul Ball, location: 2F 2-2: Foul Ball, location: 2F 2-2: Ball 3-2: SINGLE (Line Drive, 5D, EV 105.6 MPH)
|
|
Pitching: RHP Matt McAtee
|
|
|
Batting: RHB Jamie Ogilvie
|
0-0: Ball 1-0: Foul Ball, location: 2F 1-1: Foul Ball, location: 2F 1-2: Strikes out swinging
|
| Bottom of the 10th over - 0 runs, 1 hit, 0 errors, 1 left on base; New York 10 - Chicago 8 |
|